 Dungeon Crawl Stone Soup version 0.29-a0-664-gff9cad4a3d (webtiles) character file.

Game seed: 1755040443183794946

3227 DocClef the Cleaver (level 10, 0/91 HPs)
             Began as a Formicid Fighter on June 22, 2022.
             Was a Priest of Okawaru.
             Killed from afar by a starcursed mass (7 damage)
             ... with an accursed screaming
             ... on level 1 of the Abyss.
             The game lasted 00:08:59 (9028 turns).

DocClef the Cleaver (Formicid Fighter)              Turns: 9028, Time: 00:09:00

Health: 0/91       AC:  9    Str: 24    XL:     10   Next: 18%
Magic:  10/10      EV: 10    Int:  9    God:    Okawaru [***...]
Gold:   374        SH:  6    Dex: 13    Spells: 9/9 levels left

rFire   + . .      SeeInvis +   a - +1 war axe
rCold   . . .      Faith    .   c - +1 buckler
rNeg    . . .      Spirit   .   f - +3 leather armour
rPois   .          Reflect  .   (helmet unavailable)
rElec   .          Harm     .   (no cloak)
rCorr   .          Rampage  .   q - +2 pair of gloves
Will    +....                   (no boots)
Stlth   +.........              (no amulet)
HPRegen 0.25/turn               y - ring of wizardry
MPRegen 0.12/turn               (no ring)

@: mighty
A: permanent stasis, dig shafts and tunnels, antennae 3, four strong arms, claws
1, fire resistance 1, robust 1
a: Dig, Shaft Self, Renounce Religion, Heroism


You were on level 1 of the Abyss.
You worshipped Okawaru.
Okawaru was most pleased with you.
You visited 2 branches of the dungeon, and saw 9 of its levels.
You visited the Abyss 1 time.

You collected 374 gold pieces.

Inventory:

Hand Weapons
 a - a +1 war axe (weapon)
Armour
 c - a +1 buckler (worn)
 f - a +3 leather armour (worn)
 m - the +3 leather armour "Qufotec" {Fly rN+ MP+9 Str-2}
   (You found it on level 6 of the Dungeon)

   Str:       It affects your strength (-2).
   rN:        It protects you from negative energy.
   MP:        It affects your magic capacity (+9).
   Fly:       It grants you flight.
 q - a +2 pair of gloves (worn)
Jewellery
 y - a ring of wizardry (left hand)
Wands
 u - a wand of iceblast (3)
 B - a wand of flame (13)
 E - a wand of polymorph (11)
Scrolls
 b - a scroll of fog {unknown}
 e - a scroll of enchant weapon
 h - 3 scrolls of enchant armour
 k - a scroll of identify
 l - 3 scrolls of teleportation
 r - a scroll of vulnerability
 t - 2 scrolls of magic mapping
 D - a scroll of brand weapon {unknown}
 G - a scroll of silence
Potions
 d - a potion of might
 g - a potion of cancellation
 i - a potion of degeneration {unknown}
 j - 8 potions of curing
 n - 2 potions of ambrosia
 o - a potion of haste {unknown}
 p - 2 potions of brilliance
 s - a potion of mutation
 v - 3 potions of flight {unknown}
 w - 2 potions of heal wounds
 x - a potion of invisibility {unknown}
 z - a potion of attraction {unknown}
 A - 2 potions of lignification {unknown}
 C - a potion of resistance {unknown}
 F - 2 potions of magic {unknown}


   Skills:
 - Level 9.3 Fighting
 + Level 11.3 Axes
 - Level 3.2 Armour
 - Level 4.0 Shields


You had 9 spell levels left.
You didn't know any spells.
Your spell library contained the following spells:

 Spells                   Type           Power      Damage    Failure   Level
 Ozocubu's Armour         Ice            0%         N/A       52%         3
 Metabolic Englaciation   Hex/Ice        0%         N/A       99%         5
 Simulacrum               Ice/Necr       Unusable   N/A       N/A         6

Dungeon Overview and Level Annotations

Branches:
Dungeon (8/15)             Temple (1/1) D:5
   Lair: D:8-11

Altars:
Ashenzari
Cheibriados
Dithmenos
Elyvilon
Gozag
Hepliaklqana
Kikubaaqudgha
Makhleb
Nemelex Xobeh
Okawaru
Qazlal
Ru
Sif Muna
Trog
Uskayaw
Vehumet
Wu Jian
Xom
Yredelemnul
Zin
The Shining One

Shops:
D:1 ?

Annotations:
D:4 1 runed translucent door, Crazy Yiuf
D:7 Maggie


Innate Abilities, Weirdness & Mutations

You cannot be hasted, slowed, berserked, paralysed or teleported.
You can dig through walls and to a lower floor.
You have a pair of large antennae on your head. (SInv)
Your four strong arms can wield two-handed weapons with a shield.
You have sharp fingernails.
Your flesh is heat resistant. (rF+)
You are robust. (+10% HP)


Message History

You are cast into the Abyss!
This branch contains the abyssal rune of Zot.
Beware, you cannot shaft yourself on this level.
You start resting.
You feel like a meek peon again.
You start resting.
A starcursed mass coalesces out of seething chaos.
You slash the starcursed mass!
The starcursed mass is lightly damaged.
You slice the starcursed mass!!
The starcursed mass is moderately damaged.
You slash the starcursed mass!
The starcursed mass is moderately damaged.
A starcursed mass splits.
You slash the starcursed mass!
The starcursed mass is heavily damaged.
The starcursed mass shudders and is absorbed by its neighbour.
The starcursed mass touches you!
* * * LOW HITPOINT WARNING * * *
You slash the starcursed mass!
The starcursed mass is heavily damaged.
A starcursed mass splits.
The starcursed mass shrieks in your mind.
* * * LOW HITPOINT WARNING * * *
You slash the starcursed mass!
The starcursed mass is severely damaged.
The starcursed mass shudders and is absorbed by its neighbour.
You slash the starcursed mass!
The starcursed mass is severely damaged.
You slash the starcursed mass!
The starcursed mass is severely damaged.
A starcursed mass splits.
A chorus of shrieks assaults your mind.
* * * LOW HITPOINT WARNING * * *
You hit the starcursed mass.
The starcursed mass is severely damaged.
The starcursed mass shudders and is absorbed by its neighbour.
A starcursed mass splits.
A chorus of shrieks assaults your mind.
You die...

.. . .##
# #..# #
.##..##..
#.......#
##....#
#.@.#
#X##....#
.X.
###..#
..... #.#
#...### #
.#.. #..
#.


You could see 2 starcursed masses.

Vanquished Creatures
  A death yak (D:8)
  Sigmund (D:5)
  Menkaure (D:4)
  A black bear (D:6)
  2 orc warriors (D:7)
  2 ice beasts
  A sky beast (D:7)
  An ogre (D:6)
  2 centaurs
  A phantom (D:4)
  Blork the orc (D:4)
  A kobold brigand (D:7)
  A necrophage (D:5)
  A bullfrog (D:7)
  4 scorpions
  7 wights
  A hound (D:6)
  2 jellies
  4 orc priests
  Jessica (D:3)
  Ijyb (D:3)
  Natasha (thrice) (D:3)
  4 iguanas
  2 orc wizards (D:6)
  6 adders
  4 gnolls (D:3)
  A shadow imp (D:6)
  A white imp (D:7)
  3 worms
  A dart slug (D:1)
  14 orcs
  2 bats (D:3)
  2 endoplasms
  3 giant cockroaches
  7 goblins
  2 hobgoblins
  7 jackals
  12 kobolds
  6 quokkas
  7 ball pythons
  A rat (D:1)
125 creatures vanquished.

Vanquished Creatures (others)
  A plant (D:7)
1 creature vanquished.

Grand Total: 126 creatures vanquished

Notes
Turn   | Place    | Note
-------+----------+-------------------------------------------
     0 | D:1      | DocClef the Formicid Fighter began the quest for the Orb.
     0 | D:1      | Reached XP level 1. HP: 18/18 MP: 1/1
   282 | D:1      | Reached XP level 2. HP: 21/25 MP: 2/2
   689 | D:1      | Found Walacawn's Magic Scroll Shop.
   942 | D:1      | Found a faded altar of an unknown god.
  1065 | D:2      | Reached XP level 3. HP: 27/31 MP: 3/3
  1468 | D:2      | Reached skill level 5 in Fighting
  1479 | D:2      | Reached XP level 4. HP: 38/39 MP: 4/4
  2050 | D:3      | Noticed Ijyb
  2054 | D:3      | Noticed Natasha
  2063 | D:3      | Killed Natasha
  2064 | D:3      | Reached XP level 5. HP: 27/46 MP: 5/5
  2071 | D:3      | Killed Ijyb
  2081 | D:3      | Noticed Natasha
  2091 | D:3      | Killed Natasha
  2188 | D:3      | Noticed Natasha
  2195 | D:3      | Killed Natasha
  2472 | D:3      | Reached XP level 6. HP: 52/53 MP: 6/6
  2794 | D:3      | Noticed Jessica
  2802 | D:3      | Killed Jessica
  3084 | D:4      | Noticed Menkaure
  3099 | D:4      | Killed Menkaure
  3100 | D:4      | Reached XP level 7. HP: 6/62 MP: 7/7
  3669 | D:4      | Noticed Blork the orc
  3680 | D:4      | Killed Blork the orc
  4187 | D:4      | Found a runed translucent door.
  4188 | D:4      | Noticed Crazy Yiuf
  4490 | D:5      | Entered Level 5 of the Dungeon
  4814 | D:5      | Reached XP level 8. HP: 50/71 MP: 8/8
  4927 | D:5      | Found a staircase to the Ecumenical Temple.
  4980 | D:5      | Reached skill level 3 in Axes
  4981 | Temple   | Entered the Ecumenical Temple
  5272 | Temple   | Became a worshipper of Warmaster Okawaru
  5316 | D:5      | Noticed Sigmund
  5329 | D:5      | Killed Sigmund
  5330 | D:5      | Reached skill level 4 in Axes
  5401 | D:5      | Reached skill level 5 in Axes
  5486 | D:5      | Found a radiant altar of Vehumet.
  5488 | D:5      | Found a white marble altar of Elyvilon.
  5491 | D:5      | Found a bloodstained altar of Trog.
  5502 | D:5      | Found a sacrificial altar of Ru.
  5502 | D:5      | Found a hazy altar of Hepliaklqana.
  5502 | D:5      | Found a burning altar of Makhleb.
  5776 | D:6      | Identified the +3 leather armour "Qufotec" {Fly rN+ MP+9
                  | Str-2}
  6147 | D:6      | Reached * piety under Okawaru
  6148 | D:6      | Reached skill level 6 in Axes
  6637 | D:7      | Reached skill level 7 in Axes
  6637 | D:7      | Reached XP level 9. HP: 69/76 MP: 9/9
  7172 | D:7      | Gained mutation: You are robust. (+10% HP) [potion of
                  | mutation]
  7172 | D:7      | Gained mutation: Your flesh is heat resistant. (rF+)
                  | [potion of mutation]
  7172 | D:7      | Gained mutation: You have sharp fingernails. [potion of
                  | mutation]
  7182 | D:7      | Reached skill level 8 in Axes
  7460 | D:7      | Found a glowing golden altar of the Shining One.
  7826 | D:7      | Noticed Maggie
  7887 | D:6      | Reached skill level 9 in Axes
  8038 | D:6      | Reached ** piety under Okawaru
  8636 | D:7      | Reached skill level 10 in Axes
  8967 | D:8      | Noticed a death yak
  8991 | D:8      | Killed a death yak
  8991 | D:8      | Reached *** piety under Okawaru
  8991 | D:8      | Noticed a death yak
  8992 | D:8      | Reached skill level 11 in Axes
  8992 | D:8      | Reached XP level 10. HP: 45/91 MP: 8/10
  9004 | D:7      | Cast into level 1 of the Abyss (Maggie)
  9018 | Abyss:1  | Noticed a starcursed mass
  9028 | Abyss:1  | Killed from afar by a starcursed mass

Illustrated notes

Levels and vault maps discovered:
D:1:      matt_arrival_diagonals, layout_basic, chequers_ecumenical_altar_grove,
          serial_shops, nicolae_shop_stone, minmay_stone_trees_small
D:2:      layout_basic, minmay_heptomino_d4
D:3:      layout_basic, uniq_jessica, uniq_natasha, uniq_ijyb
D:4:      layout_loops_ring, uniq_menkaure, uniq_blork_the_orc,
          uniq_crazy_yiuf_cottage
D:5:      layout_basic, minitemple, minmay_temple_entry_junction, uniq_sigmund
D:6:      layout_basic
D:7:      layout_gridville, old_standard_altar, minmay_door_square,
          serial_bayou_pond_c, uniq_maggie
D:8:      layout_cave_pools, dpeg_lair_monsters, serial_park,
          serial_park_square2, serial_park_square3 [serial_park_minivault_5x5_2]
Temple:   minmay_temple_curvy_branch
Abyss:1:  base: D:7, base:
D:7

Skill      XL: |  1  2  3  4  5  6  7  8  9 |
---------------+----------------------------+-----
Fighting       | 4 5 6 8 9 |  9.3
Axes           | 7 11 | 11.3
Armour         | |  3.2
Shields        | |  4.0

Action                   |  1- 3 |  4- 6 |  7- 9 | 10-12 || total
-------------------------+-------+-------+-------+-------++-------
Melee: War axe           |    78 |   111 |   282 |    17 ||   488
Invok: Heroism           |       |       |     3 |     1 ||     4
  Use: Scroll            |       |     1 |    12 |       ||    13
       Potion            |       |     1 |     4 |     1 ||     6
Armor: Scale mail        |    37 |    66 |       |       ||   103
       Leather armour    |       |       |    90 |     2 ||    92
Dodge: Dodged            |    40 |    70 |   115 |     1 ||   226
Block: Buckler           |    17 |    31 |    78 |     1 ||   127

Table legend: (Time is in decaauts)
 A = Elapsed time spent in this place.
 B = Non-inter-level travel time spent in this place.
 C = Inter-level travel time spent in this place.
 D = Time resting spent in this place.
 E = Time spent auto-exploring this place.
 F = Levels seen in this place.
 G = Mean time per level.
                   A        B        C        D        E       F      G
               +--------+--------+--------+--------+--------+-----+--------+
         Total |   9169 |   8851 |    318 |   1521 |   6000 |  10 |  916.9 |
       Dungeon |   8830 |   8561 |    269 |   1509 |   5738 |   8 | 1103.8 |
        Temple |    316 |    267 |     49 |      0 |    262 |   1 |  316.0 |
         Abyss |     22 |     22 |      0 |     12 |      0 |   1 |   22.0 |
               +--------+--------+--------+--------+--------+-----+--------+

Top non-repeatable levels by time:
     D:7: 1807 daAuts
     D:4: 1555 daAuts
     D:6: 1340 daAuts
     D:3: 1182 daAuts
     D:1: 1028 daAuts
     D:2: 944 daAuts
     D:5: 832 daAuts
  Temple: 316 daAuts
     D:8: 137 daAuts
 Abyss:1: 22 daAuts
